 Dungeon Crawl Stone Soup version 0.28.0-55-gcd9437bce4 (webtiles) character file.

Game seed: 14907601719591322185

546 tkbsonic5 the Bolt Thrower (level 7, 0/40 HPs)
             Began as a Kobold Hunter on Dec 18, 2022.
             Slain by an orc
             ... wielding a +0 club
              (3 damage)
             ... on level 5 of the Dungeon.
             The game lasted 00:14:00 (4209 turns).

tkbsonic5 the Bolt Thrower (Kobold Hunter)          Turns: 4209, Time: 00:14:01

Health: 0/40       AC:  3    Str:  9    XL:     7   Next: 53%
Magic:  9/9        EV: 15    Int: 13    God:
Gold:   218        SH:  0    Dex: 17    Spells: 1/9 levels left

rFire   . . .      SeeInvis .   g - +1 dagger (venom)
rCold   . . .      Faith    .   (no shield)
rNeg    . . .      Spirit   .   c - +0 leather armour
rPois   .          Reflect  +   (no helmet)
rElec   .          Harm     .   (no cloak)
rCorr   .          Rampage  .   (no gloves)
Will    .....                   (no boots)
Stlth   ++........              f - amulet of reflection
HPRegen 0.13/turn               (no ring)
MPRegen 0.11/turn               (no ring)

@: confused, lethally poisoned (0 -> -2), about to teleport
A: small, no large weapons, nightstalker 3
a: no special abilities


You were on level 5 of the Dungeon.
You visited 1 branch of the dungeon, and saw 5 of its levels.
You also visited: Sewer.

You collected 218 gold pieces.

Inventory:

Hand Weapons
 a - a +1 vorpal hand crossbow
 g - a +1 dagger of venom (weapon)
 i - a +0 mace
Missiles
 d - 22 bolts
 l - 2 poisoned darts
Armour
 c - a +0 leather armour (worn)
 h - a +0 scale mail
 m - a +0 ring mail
Jewellery
 f - an amulet of reflection (around neck)
Scrolls
 b - a scroll of identify


   Skills:
 + Level 2.9 Fighting
 + Level 2.0 Short Blades
 * Level 5.9 Crossbows
 * Level 3.8 Dodging
 * Level 4.0 Stealth
 * Level 1.9 Spellcasting
 * Level 2.0 Conjurations
 * Level 1.1 Hexes
 * Level 0.0 Summonings
 * Level 1.9 Fire Magic
 * Level 1.9 Air Magic
 * Level 1.4 Poison Magic
 + Level 1.0 Evocations


You had one spell level left.
You knew the following spells:

 Your Spells              Type           Power      Damage    Failure   Level
a - Foxfire               Conj/Fire      24%        2x1d5     16%         1
b - Mephitic Cloud        Conj/Pois/Air  5%         N/A       45%         3
c - Dazzling Flash        Conj/Hex       10%        N/A       50%         3
d - Summon Small Mammal   Summ           4%         N/A       36%         1

Your spell library contained the following spells:

 Spells                   Type           Power      Damage    Failure   Level
 Freeze                   Ice            4%         1d3       36%         1
 Ignite Poison            Fire/Tmut/Pois 4%         N/A       56%         3
 Summon Guardian Golem    Hex/Summ       2%         N/A       65%         3
 Call Canine Familiar     Summ           1%         N/A       73%         3
 Frozen Ramparts          Ice            2%         1d2       73%         3
 Flame Wave               Conj/Fire      6%         2d5       85%         4
 Hailstorm                Conj/Ice       3%         3d3       93%         4
 Freezing Cloud           Conj/Ice/Air   2%         6-21      99%         5


Dungeon Overview and Level Annotations

Branches:
Dungeon (5/15)              Sewer (visited)
 Temple: D:4-7

Altars:
Cheibriados
Kikubaaqudgha

Annotations:
D:4 3 runed translucent doors, trudenn's ghost, amateur OpFE


Innate Abilities, Weirdness & Mutations

You are small and have problems with some larger weapons.
You are completely attuned to the shadows.


Message History

g - a +1 dagger of venom (weapon)
An orc comes into view. It is wielding a +0 club.
The orc shouts!
An orc wizard comes into view. It is wielding a +2 dagger of venom.
An orc priest comes into view.
It is wielding a +2 falchion of electrocution.
The orc wizard closely misses you.
You bump into the rock wall.
The orc wizard gestures at you while chanting.
The puff of flame hits you!
You bump into the rock wall.
You feel less confused.
An orc comes into view. It is wielding a +0 club.
The orc shouts!
You hit the orc wizard but do no damage.
The orc wizard is poisoned.
As you read the scroll of teleportation, it crumbles to dust.
You feel strangely unstable.
The orc wizard hits you but does no damage.
You are poisoned.
The orc barely misses you.
You hit the orc wizard but do no damage.
The orc wizard is lightly wounded.
You feel sick. The orc wizard casts a spell at you.
You are confused.
An iguana comes into view.
The iguana hisses angrily.
You hit the orc priest but do no damage.
The orc priest is poisoned.
You feel sick. The orc wizard barely misses you.
The orc priest hits you with a +2 falchion of electrocution.
You are electrocuted!
* * * LOW HITPOINT WARNING * * *
* * * LOW HITPOINT WARNING * * *
You feel sick.
You aren't carrying any potions.
You are too confused!
You're too confused to aim your attacks!
* * * LOW HITPOINT WARNING * * *
You feel sick. The orc hits you with a +0 club.
You die...

.......#.###
. ###......
..##........
........8.8
#..#.......
####..8.8.
.####......
...o.o....8
....oo@....
(#l..o..##.
.........#
...........
#####...##.


You could see an iguana, an orc priest (very poisoned), 2 orc wizards and 2
orcs.

Vanquished Creatures
  Menkaure (D:4)
  Pargi (Sewer)
  A necrophage (D:5)
  A scorpion (D:4)
  An iron imp (D:3)
  An iguana (D:4)
  A gnoll (D:1)
  3 adders
  A worm (D:2)
  3 dart slugs
  9 endoplasms
  3 giant cockroaches
  6 goblins
  8 hobgoblins
  8 jackals (D:1)
  5 kobolds
  A quokka (D:4)
  9 ball pythons
  8 bats
  5 frilled lizards
  9 rats
85 creatures vanquished.

Vanquished Creatures (others)
  19 foxfires
19 creatures vanquished.

Grand Total: 104 creatures vanquished

Notes
Turn   | Place    | Note
-------+----------+-------------------------------------------
     0 | D:1      | tkbsonic5 the Kobold Hunter began the quest for the Orb.
     0 | D:1      | Reached XP level 1. HP: 12/12 MP: 1/1
   106 | D:1      | Noticed a floating eye
   120 | D:1      | Reached XP level 2. HP: 15/17 MP: 2/2
   130 | D:1      | Reached skill level 5 in Crossbows
   137 | D:1      | Got Ubaxukux's Collected Works on Fiery Execration
   140 | D:1      | Learned a level 1 spell: Foxfire
   162 | D:1      | Found a faded altar of an unknown god.
   162 | D:1      | Noticed a shining eye
   170 | D:1      | Noticed an eye of devastation
   478 | D:1      | Reached skill level 1 in Short Blades
   478 | D:1      | Reached XP level 3. HP: 21/21 MP: 3/3
   540 | D:1      | Noticed a shining eye
   908 | D:1      | Reached XP level 4. HP: 27/27 MP: 4/4
  1838 | D:2      | Learned a level 3 spell: Mephitic Cloud
  1962 | D:2      | Reached skill level 1 in Conjurations
  2430 | D:3      | Found a glowing drain.
  2577 | Sewer    | Entered a sewer
  2637 | Sewer    | Noticed Pargi
  2643 | Sewer    | Killed Pargi
  2644 | Sewer    | Reached skill level 1 in Spellcasting
  2644 | Sewer    | Reached skill level 1 in Fire Magic
  2644 | Sewer    | Reached XP level 5. HP: 31/31 MP: 6/6
  2644 | Sewer    | Reached XP level 6. HP: 36/36 MP: 7/7
  2653 | Sewer    | Learned a level 3 spell: Dazzling Flash
  2764 | D:3      | Found a snail-covered altar of Cheibriados.
  2777 | D:3      | Reached skill level 1 in Air Magic
  3179 | D:4      | Reached skill level 1 in Poison Magic
  3625 | D:4      | Noticed Menkaure
  3871 | D:4      | Found a runed translucent gate.
  3872 | D:4      | Found a runed translucent gate.
  3873 | D:4      | Found a runed translucent gate.
  3908 | D:4      | Found an ancient bone altar of Kikubaaqudgha.
  3921 | D:4      | Noticed trudenn's ghost (amateur OpFE)
  3942 | D:4      | Killed Menkaure
  3943 | D:4      | Reached skill level 1 in Hexes
  3943 | D:4      | Reached XP level 7. HP: 40/40 MP: 9/9
  4173 | D:5      | Entered Level 5 of the Dungeon
  4178 | D:5      | Reached skill level 1 in Evocations
  4192 | D:5      | Learned a level 1 spell: Summon Small Mammal
  4209 | D:5      | Slain by an orc

Illustrated notes

Levels and vault maps discovered:
D:1:      evilmike_arrival_rings, layout_loops_ring,
          hellmonk_ecumenical_altar_watching_god
D:2:      layout_basic, lightli_corner_chamber
D:3:      layout_rooms, slow_altar_1, portal_sewer_entry_a, minmay_bisected
D:4:      layout_rooms, kiku_gazebo_pond_becter, biasface_ghost_orc_armoury,
          uniq_menkaure
D:5:      layout_cave_pools, serial_column_ruins, column_ruins_hut_water,
          column_ruins_corridor_dead_end, column_ruins_open_small_water,
          column_ruins_grid_3, column_ruins_open_medium,
          column_ruins_columns_straight, column_ruins_open_small,
          nicolae_shop_clearance, uniq_edmund, uniq_crazy_yiuf_cottage

Skill      XL: |  1  2  3  4  5  6  7 |
---------------+----------------------+-----
Stealth        | 2 3 4 |  4.0
Crossbows      | 5 |  5.9
Short Blades   | 1 2 |  2.0
Conjurations   | 1 2 |  2.0
Dodging        | 3 |  3.8
Spellcasting   | 1 |  1.9
Fire Magic     | 1 |  1.9
Air Magic      | 1 |  1.9
Poison Magic   | 1 |  1.4
Hexes          | 1 |  1.1
Evocations     | 1 |  1.0
Fighting       | |  2.9

Action                   |  1- 3 |  4- 6 |  7- 9 || total
-------------------------+-------+-------+-------++-------
Melee: Dagger            |    41 |    43 |     3 ||    87
       Punch             |     1 |       |       ||     1
 Fire: Hand crossbow     |    30 |    73 |     8 ||   111
 Cast: Foxfire           |       |    12 |       ||    12
Evoke: Wand              |       |     2 |       ||     2
  Use: Scroll            |       |     7 |     1 ||     8
       Potion            |       |     3 |     1 ||     4
 Stab: Sleeping          |     7 |     5 |       ||    12
Armor: Leather armour    |     7 |     2 |     2 ||    11
       Scale mail        |       |    14 |       ||    14
Dodge: Dodged            |    23 |    39 |     4 ||    66
Block: Other             |       |    11 |     1 ||    12
